 Dungeon Crawl Stone Soup version 0.31-a0-667-g39726597b9 (webtiles) character file.

Game seed: 11801709864125068266

110205 GordonOverkill the Slayer (level 16, -9/156 HPs)
             Began as a Barachi Delver on Sept 4, 2023.
             Was a High Priest of Trog.
             Mangled by a naga
             ... wielding a +0 battleaxe
              (20 damage)
             ... on level 3 of the Snake Pit.
             The game lasted 01:03:01 (33682 turns).

GordonOverkill the Slayer (Barachi Delver)         Turns: 33682, Time: 01:03:02

Health: -9/156     AC: 23    Str: 20    XL:     16   Next: 54%
Magic:  8/8        EV: 18    Int: 14    God:    Trog [*****.]
Gold:   155        SH: 13    Dex: 18    Spells: 15/15 levels left

rFire   + . .        N - +8 double sword (antimagic)
rCold   . . .        F - +2 kite shield {rF+}
rNeg    . . .        a - +1 chain mail "Lamaupn" {Int+2 Dex+4 Stlth-}
rPois   +            Y - +0 mask of the Dragon {Will+ Slay+3 SInv}
rElec   .            K - +0 cloak
rCorr   .            r - +2 pair of gloves
SInv    +            h - +2 pair of boots
Will    ++...        (no amulet) Stlth
                     y - ring "Dab Licliu" {rPois MP+9 Stlth+}
HPRegen 0.46/turn    G - +5 ring of evasion
MPRegen 0.11/turn

%: no passive effects
@: on berserk cooldown, slowed, studying Fighting, very slow
A: amphibious, slowness 1, strong legs 2, +LOS
a: Hop, Renounce Religion, Berserk, Trog's Hand, Brothers in Arms


You were on level 3 of the Snake Pit.
You worshipped Trog.
Trog was extremely pleased with you.
You visited 4 branches of the dungeon, and saw 25 of its levels.
You also visited: Ice Cave.

You collected 3074 gold pieces.
You spent 2919 gold pieces at shops.

Inventory:

Hand Weapons
 u - a +3 scimitar of flaming
 N - a +8 antimagic double sword (weapon)
Missiles
 o - 39 poisoned darts (quivered)
 I - 16 boomerangs
 P - 5 throwing nets
Armour
 a - the +1 chain mail "Lamaupn" (worn) {Int+2 Dex+4 Stlth-}
   (You found it on level 2 of the Lair of Beasts)

   Int+2:     It affects your intelligence (+2).
   Dex+4:     It affects your dexterity (+4).
   Stlth-:    It makes you less stealthy.
 h - a +2 pair of boots (worn)
 r - a +2 pair of gloves (worn)
 F - a +2 kite shield of fire resistance (worn)
 K - a +0 cloak (worn)
 W - a +1 buckler of cold resistance
 Y - the +0 mask of the Dragon (worn) {Will+ Slay+3 SInv}
   (You found it in an ice cave)

   Slay+3:    It affects your accuracy & damage with ranged weapons and melee
   (+3).
   Will+:     It increases your willpower.
   SInv:      It lets you see invisible.
Jewellery
 l - a ring of protection from fire
 p - a +4 ring of protection
 w - a ring of willpower
 y - the ring "Dab Licliu" (left hand) {rPois MP+9 Stlth+}
   (You found it on level 3 of the Lair of Beasts)

   [ring of poison resistance]

   rPois:     It protects you from poison MP+9: It affects your magic capacity
   (+9).
   Stlth+:    It makes you more stealthy.
 z - a ring of protection from cold
 G - a +5 ring of evasion (right hand)
Wands
 b - a wand of flame (32)
 g - a wand of digging (11)
 i - a wand of mindburst (19)
 J - a wand of acid (10)
 M - a wand of charming (13)
 R - a wand of roots (12)
 V - a wand of polymorph (8)
Scrolls
 c - 4 scrolls of fog
 k - a scroll of identify
 q - 3 scrolls of immolation
 s - 10 scrolls of teleportation
 v - 5 scrolls of poison
 x - 5 scrolls of vulnerability
 A - 3 scrolls of fear
 B - 3 scrolls of silence
 Q - 2 scrolls of butterflies
 U - a scroll of brand weapon
Potions
 e - 9 potions of ambrosia
 f - 2 potions of haste
 j - 3 potions of enlightenment
 m - 4 potions of invisibility
 t - 7 potions of curing
 C - 3 potions of heal wounds
 D - 3 potions of might
 E - 5 potions of mutation
 L - 2 potions of resistance
 O - 3 potions of berserk rage
 T - 2 potions of lignification
Miscellaneous
 d - a lightning rod (4/4)
 n - a sack of spiders


   Skills:
 + Level 22.9 Fighting
 - Level 16.0 Long Blades
 - Level 15.0 Armour
 - Level 10.0 Dodging
 - Level 4.5 Stealth
 - Level 7.0 Shields
 - Level 10.0 Evocations


You had 15 spell levels left.
You didn't know any spells.
Your spell library contained the following spells:

 Spells                   Type           Power      Damage    Failure   Level
 Sandblast                Erth           0%         2d4       95%         1
 Passwall                 Tmut/Erth      0%         N/A       99%         2
 Stone Arrow              Conj/Erth      0%         3d7       100%        3
 Tukima's Dance           Hex            0%         N/A       100%        3
 Passage of Golubria      Tloc           0%         N/A       100%        4
 Vhi's Electric Charge    Tloc/Air       0%         N/A       100%        4
 Arcjolt                  Conj/Air       0%         1d10      100%        5
 Yara's Violent Unravell  Hex/Tmut       0%         3d3       100%        5
 Plasma Beam              Fire/Air       0%         2x1d10    100%        6


Dungeon Overview and Level Annotations

Branches:
Dungeon (15/15)            Temple (0/1) D:6            Lair (5/5) D:9
 Shoals (0/4) Lair:3        Snake (2/4) Lair:2        Slime (0/5) Lair:5
    Orc (2/2) D:9             Elf (0/3) Orc:2        Vaults (0/5) D:14
 Depths (0/4) D:15          IceCv (visited)

Altars:
Cheibriados
Dithmenos
Hepliaklqana
Kikubaaqudgha
Makhleb
Okawaru
Qazlal
Ru
Sif Muna
Trog
Xom
Zin

Shops:
D:3 :   D:5 !   D:11 :   Orc:2 :*([   Snake:1 [![

Annotations:
Snake:2 Agnes


Innate Abilities, Weirdness & Mutations

You are amphibious.
You cover ground slowly.
You can hop long distances.
You have an extended range of vision and can be seen from far away.


Message History

The naga warrior hits you but does no damage.
The naga warrior hits your two-headed ogre with a +0 war axe.
The naga warrior grabs you. The naga warrior constricts you.
* * * LOW HITPOINT WARNING * * *
The naga attacks as it pursues you! You block the naga's attack.
The naga hits your two-headed ogre with a +0 war axe!
The naga warrior closely misses you.
The naga warrior hits your two-headed ogre with a +0 battleaxe!!
Your two-headed ogre hits the naga warrior with a +0 giant spiked club!!!
Your two-headed ogre hits the naga warrior with a +0 giant club!!
The naga warrior dies!
Trog accepts your kill.
The naga warrior roars a battlecry!
The nagas go into a battle-frenzy!
The naga warrior constricts you.
You hear a shout! x4
You escape the naga warrior's grasp.
You hear a shout!
Your two-headed ogre hits the naga with a +0 giant spiked club!!
Your two-headed ogre barely misses the naga.
The naga spits poison at you.
The splash of poison hits your two-headed ogre but does no damage.
Your two-headed ogre looks even sicker.
A naga warrior comes into view. It is wielding a +0 hand axe.
The naga warrior hits your two-headed ogre with a +0 war axe!!
The naga warrior grabs your two-headed ogre.
The naga warrior constricts your two-headed ogre.
Your two-headed ogre dies!
Your two-headed ogre's corpse disappears in a puff of smoke!
You see here a +0 battleaxe.
The naga spits poison at you.
The splash of poison hits you but does no damage.
You resist. The naga hits you but does no damage. You block the naga's attack.
The naga attacks as it pursues you! The naga hits you with a +0 war axe!!
* * * LOW HITPOINT WARNING * * *
The naga closely misses you.
The naga warrior roars a battlecry!
The naga warrior goes into a battle-frenzy!
You block the naga's attack. x2; The naga hits you with a +0 battleaxe!!
You die...

#############
...... ...##
.NN. ^...
##########
#....)N..#
#..NNN.@.#
#.##++##.# +.
.+ +. .+ #.
.# #. .# #.
.# ## ##


You could see 2 naga warriors and 2 nagas.

Vanquished Creatures
  Saint Roka (Orc:2)
  Donald (Snake:1)
  An orc warlord (Orc:2)
  A stone giant (D:14)
  Azrael (D:14)
  Josephine (Lair:5)
  Harold (D:9)
  An ice dragon (Lair:2)
  A jorogumo (shapeshifter) (D:15)
  5 centaur warriors
  5 hydras
  3 catoblepae
  4 anacondas
  2 boulder beetles
  2 dancing weapons (D:14)
  A tengu warrior (D:14)
  4 naga warriors
  6 two-headed ogres
  6 death yaks (Lair:5)
  A deep troll shaman (Lair:5)
  2 orc high priests
  3 shock serpents
  3 naga sharpshooters (Snake:1)
  Urug (Orc:2)
  4 skeletal warriors
  Nergalle (Lair:1)
  A deep troll (D:15)
  Amaemon (Lair:1)
  A naga ritualist (Snake:1)
  A bog body (IceCv)
  A necromancer (D:15)
  3 mana vipers
  4 deep elf pyromancers
  3 orc knights (Orc:2)
  13 ugly things
  3 manticores
  2 orc sorcerers (Orc:2)
  A salamander (Lair:2)
  A cyclops (D:12)
  14 elephants
  6 black mambas
  A naga mage (Snake:1)
  2 ice statues
  Joseph (D:8)
  An orange demon (Lair:1)
  6 cane toads
  6 unseen horrors
  13 komodo dragons
  8 rime drakes
  3 anaconda simulacra (IceCv)
  3 kobold demonologists
  An ice devil (IceCv)
  2 tengu conjurers
  5 meliai
  11 trolls
  A wind drake (Lair:3)
  8 blink frogs
  A hornet (D:8)
  A freezing wraith (D:15)
  4 polar bears
  A jumping spider (shapeshifter) (D:15)
  A centaur simulacrum (D:15)
  6 slime creatures
  A shadow (D:9)
  2 vampires (D:14)
  3 wyverns
  8 wraiths
  64 yaks
  3 fire elementals (D:14)
  A basilisk (Lair:2)
  3 steam dragons
  2 death yak simulacra (IceCv)
  7 nagas
  2 acid dragons
  15 water moccasins
  3 wargs
  A hell hound (D:14)
  26 orc warriors
  A sky beast (D:6)
  12 ice beasts
  9 ogres
  5 black bears
  24 wolves
  2 centaurs
  3 phantoms
  14 bullfrogs
  5 kobold brigands
  2 gnoll sergeants
  A scorpion (D:9)
  3 two-headed ogre simulacra (IceCv)
  3 cane toad simulacra (IceCv)
  An elephant simulacrum (IceCv)
  18 killer bees
  3 howler monkeys
  An electric eel (Lair:3)
  2 lava snakes (Lair:2)
  5 hounds
  4 jellies
  16 orc priests
  Ijyb (D:3)
  2 sleepcaps
  15 iguanas
  29 orc wizards
  6 troll simulacra (IceCv)
  4 polar bear simulacra (IceCv)
  6 spriggan simulacra (IceCv)
  A wolf simulacrum (IceCv)
  12 gnolls
  9 adders
  4 naga simulacra (IceCv)
  26 white imps
  3 ufetubi (IceCv)
  6 worms
  A dart slug (D:1)
  62 orcs
  10 bats
  7 endoplasms
  4 giant cockroaches (D:1)
  8 hobgoblins
  2 jackals (D:4)
  3 quokkas
  6 ball pythons
  13 frilled lizards
  9 goblins
  19 kobolds
  5 rats
751 creatures vanquished.

Vanquished Creatures (collateral kills)
  2 naga warriors
  An ugly thing (D:15)
  A guardian serpent (Lair:2)
  A queen bee (Lair:4)
  A meliai (Lair:4)
  A bullfrog (Lair:4)
  8 killer bees (Lair:4)
15 creatures vanquished.

Vanquished Creatures (others)
  A bog body (IceCv)
  3 orcs
4 creatures vanquished.

Grand Total: 770 creatures vanquished

Notes
Turn   | Place    | Note
-------+----------+-------------------------------------------
     0 | D:5      | GordonOverkill the Barachi Delver began the quest for the
                  | Orb.
     0 | D:5      | Reached XP level 1. HP: 18/18 MP: 1/1
    31 | D:6      | Noticed an ogre
    58 | D:5      | Noticed a howler monkey
    73 | D:5      | Noticed a hound
    78 | D:5      | Killed a hound
    79 | D:5      | Reached XP level 2. HP: 16/25 MP: 2/2
    79 | D:5      | Reached XP level 3. HP: 19/30 MP: 3/3
   150 | D:5      | Noticed an ice beast
   152 | D:5      | Killed an ice beast
   153 | D:5      | Reached skill level 4 in Fighting
   153 | D:5      | Reached XP level 4. HP: 37/37 MP: 4/4
   153 | D:5      | Reached XP level 5. HP: 42/42 MP: 5/5
   154 | D:5      | Noticed a centaur
   167 | D:5      | Killed a centaur
   168 | D:5      | Reached skill level 5 in Long Blades
   782 | D:2      | Reached XP level 6. HP: 37/48 MP: 6/6
  1650 | D:2      | Reached skill level 5 in Fighting
  2210 | D:3      | Noticed Ijyb
  2215 | D:3      | Killed Ijyb
  2316 | D:3      | Found Owu Gekilu's Book Shoppe.
  3267 | D:4      | Reached XP level 7. HP: 54/56 MP: 7/7
  3378 | D:4      | Found a shimmering blue altar of Sif Muna.
  3433 | D:4      | Reached skill level 5 in Evocations
  3741 | D:4      | Found a bloodstained altar of Trog.
  3743 | D:4      | Found a glowing silver altar of Zin.
  3754 | D:4      | Became a worshipper of Trog the Wrathful
  4026 | D:5      | Found an iron altar of Okawaru.
  4556 | D:5      | Found Xetzeasm's Distillery.
  4571 | D:5      | Bought a potion of heal wounds for 60 gold pieces
  4571 | D:5      | Bought a potion of might for 48 gold pieces
  4571 | D:5      | Bought a potion of mutation for 96 gold pieces
  4571 | D:5      | Bought a potion of heal wounds for 60 gold pieces
  4571 | D:5      | Bought 2 potions of curing for 72 gold pieces
  5038 | D:6      | Reached XP level 8. HP: 56/62 MP: 8/8
  5094 | D:6      | Identified the ring "Amnemet" {Fire Int+5}
  5179 | D:6      | Found a staircase to the Ecumenical Temple.
  5338 | D:6      | Reached skill level 10 in Long Blades
  5445 | D:6      | Found an ancient bone altar of Kikubaaqudgha.
  6554 | D:6      | Reached XP level 9. HP: 68/68 MP: 9/9
  6791 | D:7      | Reached * piety under Trog
  6884 | D:7      | Found a shadowy altar of Dithmenos.
  6885 | D:7      | Found a hazy altar of Hepliaklqana.
  7127 | D:8      | Noticed Joseph
  7156 | D:8      | Killed Joseph
  7243 | D:8      | Noticed a troll
  7251 | D:8      | Killed a troll
  7334 | D:8      | Noticed a hornet
  7339 | D:8      | Killed a hornet
  7534 | D:8      | Found a snail-covered altar of Cheibriados.
  7607 | D:8      | Found a stormy altar of Qazlal.
  7699 | D:9      | Noticed a meliai
  7699 | D:9      | Noticed a meliai
  7699 | D:9      | Noticed a meliai
  7699 | D:9      | Noticed a two-headed ogre
  7708 | D:8      | Killed a meliai
  7709 | D:8      | Reached skill level 6 in Fighting
  7709 | D:8      | Reached XP level 10. HP: 30/77 MP: 10/10
  7900 | D:9      | Reached skill level 7 in Fighting
  8198 | D:9      | Noticed a two-headed ogre
  8205 | D:9      | Killed a two-headed ogre
  8206 | D:9      | Reached skill level 8 in Fighting
  8262 | D:9      | Killed a two-headed ogre
  8263 | D:9      | Reached skill level 9 in Fighting
  8277 | D:9      | Reached skill level 10 in Fighting
  8346 | D:9      | Reached skill level 5 in Armour
  8349 | D:9      | Found a staircase to the Orcish Mines.
  8746 | D:9      | Found a burning altar of Makhleb.
  8846 | D:9      | Reached XP level 11. HP: 90/90 MP: 11/11
  8892 | D:9      | Found a staircase to the Lair.
  8944 | D:9      | Noticed a two-headed ogre
  8956 | D:9      | Killed a two-headed ogre
  9139 | D:9      | Found a sacrificial altar of Ru.
  9191 | D:9      | Reached skill level 10 in Armour
  9201 | D:9      | Reached skill level 1 in Shields
  9242 | D:9      | Reached ** piety under Trog
  9594 | D:10     | Entered Level 10 of the Dungeon
 10067 | D:10     | Reached skill level 5 in Shields
 10268 | D:10     | Identified the +3 dagger of Jubunwaps {antimagic, Str+2}
 10543 | D:11     | Noticed an eight-headed hydra
 10557 | D:11     | Killed an eight-headed hydra
 10775 | D:11     | Noticed a two-headed ogre
 10787 | D:11     | Killed a two-headed ogre
 11104 | D:11     | Reached skill level 11 in Fighting
 11421 | D:11     | Noticed a two-headed ogre
 11435 | D:11     | Killed a two-headed ogre
 11596 | D:11     | Noticed a sixfirhy
 11609 | D:11     | Reached skill level 12 in Fighting
 11609 | D:11     | Reached XP level 12. HP: 85/102 MP: 12/12
 11956 | D:11     | Noticed a boulder beetle
 11975 | D:11     | Killed a boulder beetle
 12082 | D:11     | Found Fyuf's Self-Improvement Boutique.
 12232 | D:11     | Reached *** piety under Trog
 12259 | D:11     | Reached skill level 13 in Fighting
 12637 | D:12     | Identified the +10 dagger of Zin's Brutal Revenge {flame,
                  | rF+}
 12786 | D:12     | Reached skill level 14 in Fighting
 13884 | Lair:1   | Entered Level 1 of the Lair of Beasts
 13884 | Lair:1   | Noticed Harold
 13907 | D:9      | Reached skill level 5 in Dodging
 14351 | D:9      | Killed Harold
 14603 | Lair:1   | Noticed Nergalle
 14652 | Lair:1   | Killed Nergalle
 14942 | Lair:1   | Noticed Amaemon
 14961 | Lair:1   | Killed Amaemon
 14967 | Lair:1   | Gained mutation: You can hop long distances. [Barachi
                  | growth]
 14967 | Lair:1   | Reached XP level 13. HP: 88/113 MP: 13/13
 14970 | Lair:1   | Reached **** piety under Trog
 15030 | Lair:1   | Reached skill level 10 in Dodging
 16310 | Lair:2   | Reached skill level 15 in Fighting
 16657 | Lair:2   | Identified the +1 chain mail "Lamaupn" {Int+2 Dex+4 Stlth-}
 16739 | Lair:2   | Noticed an ice dragon
 17013 | Lair:2   | Reached skill level 16 in Fighting
 17265 | Lair:2   | Found a staircase to the Snake Pit.
 17560 | Lair:2   | Killed an ice dragon
 17799 | Lair:3   | Found a staircase to the Shoals.
 17922 | Lair:3   | Reached skill level 17 in Fighting
 18222 | Lair:3   | Identified the ring "Dab Licliu" {rPois MP+9 Stlth+}
 19583 | Lair:4   | Reached XP level 14. HP: 129/129 MP: 14/14
 19594 | Lair:4   | Reached skill level 18 in Fighting
 20737 | Lair:5   | Entered Level 5 of the Lair of Beasts
 20930 | Lair:5   | Found a staircase to the Slime Pits.
 20987 | Lair:5   | Found a frozen archway.
 20996 | Lair:5   | Reached ***** piety under Trog
 21036 | IceCv    | Entered an ice cave
 21688 | IceCv    | Found the +0 mask of the Dragon {Will+ Slay+3 SInv}
 22131 | Lair:5   | Noticed Josephine
 22143 | Lair:5   | Killed Josephine
 22143 | Lair:5   | Received a gift from Trog
 23055 | Lair:5   | Reached skill level 15 in Armour
 23263 | Lair:5   | Reached skill level 15 in Long Blades
 23365 | Lair:5   | Reached XP level 15. HP: 128/136 MP: 15/15
 24693 | D:14     | Found a gate to the Vaults.
 24964 | D:14     | Noticed Azrael
 24990 | D:14     | Killed Azrael
 26172 | D:14     | Identified the +7 ring mail "Fiozudwu" {rC+ Will+ Dex+6
                  | Stlth-}
 26446 | D:15     | Entered Level 15 of the Dungeon
 26700 | D:15     | Found a staircase to the Depths.
 26794 | D:15     | Reached skill level 10 in Evocations
 28068 | Orc:1    | Entered Level 1 of the Orcish Mines
 28518 | D:9      | Received a gift from Trog
 28735 | Orc:1    | Found a shimmering altar of Xom.
 29060 | Orc:2    | Entered Level 2 of the Orcish Mines
 29074 | Orc:1    | Reached skill level 19 in Fighting
 29256 | Orc:2    | Found a staircase to the Elven Halls.
 29354 | Orc:2    | Noticed an orc warlord
 29708 | Orc:2    | Noticed Urug
 29718 | Orc:2    | Killed Urug
 30253 | Orc:2    | Noticed Saint Roka
 30291 | Orc:2    | Killed Saint Roka
 30292 | Orc:2    | Reached XP level 16. HP: 141/148 MP: 16/16
 30451 | Orc:2    | Received a gift from Trog
 30662 | Orc:2    | Reached skill level 20 in Fighting
 30895 | Orc:2    | Found Ymac's Antique Weapon Shoppe.
 30975 | Orc:2    | Found Bici's Antique Armour Shoppe.
 30990 | Orc:2    | Found Laetiplu's General Store.
 30997 | Orc:2    | Bought a scroll of teleportation for 51 gold pieces
 31009 | Orc:2    | Found Ynik's Book Shoppe.
 31031 | Orc:2    | Bought a crude plate armour for 868 gold pieces
 31031 | Orc:2    | Identified the +0 plate armour "Lyumm" {Will++ Int+4
                  | Slay-6} (You bought it in a shop on level 2 of the Orcish
                  | Mines)
 31032 | Orc:2    | Bought a pair of glowing gloves for 232 gold pieces
 31032 | Orc:2    | Bought a pair of runed boots for 232 gold pieces
 31370 | D:11     | Bought a manual of Fighting for 1200 gold pieces
 31500 | Snake:1  | Entered Level 1 of the Snake Pit
 32420 | Snake:1  | Noticed Donald
 32443 | Snake:1  | Killed Donald
 32444 | Snake:1  | Reached skill level 21 in Fighting
 32748 | Snake:1  | Found Natsif's Antique Armour Boutique.
 32748 | Snake:1  | Found Keuki's Distillery.
 32901 | Snake:1  | Reached skill level 22 in Fighting
 33369 | Snake:1  | Identified the +1 leather armour of the Antique Byakko {rC+
                  | Will+}
 33518 | Snake:1  | Found Ixtuzeq's Armour Emporium.
 33661 | Snake:2  | Noticed Agnes
 33675 | Snake:2  | You fall into a shaft and drop 1 floor!
 33682 | Snake:3  | Mangled by a naga

Illustrated notes

Levels and vault maps discovered:
D:1:      enne_arrival_octagon_isle, layout_basic, minmay_worlds_worst_comb
D:2:      layout_loops_ring, minmay_fractal_squares_gapless_5
D:3:      layout_loops_corners, serial_shops, shop, uniq_ijyb
D:4:      layout_loops_corners, nicolae_sif_muna_condensation,
          nicolae_overflow_squiral
D:5:      layout_loops_corners, amcnicky_altar_gilded, serial_shops, shop
D:6:      layout_loops_ring, mainiacjoe_overflow_tiny_flanked,
          minmay_temple_entry_statues_pillars
D:7:      layout_cave_pools, riverfiend_overflow_shadow_ancestor
D:8:      layout_cave_pools, kennysheep_mini_moat,
          mainiacjoe_overflow_cross_hatched, uniq_joseph
D:9:      layout_roguey, mainiacjoe_overflow_chevrons, bloody_makhleb,
          due_lair_maze_entry_diamond, orc_0_dummy, grunt_ministairs_3,
          grunt_decor_fettered
D:10:     layout_small_grid
D:11:     layout_stronghold, nicolae_shop_self_help
D:12:     layout_loops_ring, gauntlet_entry_generic,
          nicolae_straight_to_the_point
D:13:     layout_basic
D:14:     layout_cave_pods, erik_vaults_1, chequers_serial_rivers_large_b,
          hangedman_batty, uniq_azrael
D:15:     hangedman_depths_entry_civil_slaughter, layout_irregular_city,
          corexii_leaking_fountain, chequers_serial_rivers_large_a
Lair:1:   lemuel_reptile_caves, layout_cave_pods, serial_bayou_ford_a,
          uniq_nergalle, uniq_harold, uniq_amaemon
Lair:2:   layout_loops_ring, nicolae_snake_entry_warm_welcome, ice2_lemuel,
          grunt_megastairs_4
Lair:3:   layout_layer_cave, minmay_shoals_entry_beasts,
          infiniplex_staircase_pool, serial_bayou_shore_b
Lair:4:   layout_roguey, special_room [special_room_bee], grunt_megastairs_5
Lair:5:   grunt_lair_end_beastmaster, layout_regular_city,
          nicolae_slime_entry_slimehenge, serial_rivers,
          chequers_serial_rivers_small_a, chequers_serial_rivers_micro_e,
          chequers_serial_rivers_micro_a, chequers_serial_rivers_micro_c,
          portal_ice_cave_entry_imps, chequers_serial_rivers_micro_a,
          infiniplex_staircase_pool_2, serial_bayou_shore_b, uniq_josephine
Snake:1:  layout_rooms, serial_shops, shop, minmay_shoptagon, uniq_donald
Snake:2:  nicolae_snake_unarmed_stairs_patrol, layout_onion_interference,
          serial_bayou_shore_b, uniq_roxanne, uniq_agnes
Snake:3:  layout_cave_shapes, grunt_ministairs_14, drop_trap,
          guppyfry_library_mini
Orc:1:    layout_caves, basic_altar, mines2_lemuel
Orc:2:    grunt_orc_cross, layout_caves, uniq_urug

Skill      XL: |  1  2  3  4  5  6  7  8  9 10 11 12 13 14 15 16 |
---------------+-------------------------------------------------+-----
Evocations     | 3 4 5 10 | 10.0
Fighting       | 4 5 6 10 12 14 17 18 19 22 | 22.9
Long Blades    | 4 6 8 10 14 15 16 | 16.0
Armour         | 4 8 10 15 | 15.0
Shields        | 7 |  7.0
Dodging        | 9 10 | 10.0
Stealth        | |  4.5

Action                     |  1- 3 |  4- 6 |  7- 9 | 10-12 | 13-15 | 16-18 || total
---------------------------+-------+-------+-------+-------+-------+-------++-------
  Melee: Falchion          |     3 |   101 |       |       |       |       ||   104
         Punch             |       |     6 |     8 |       |       |       ||    14
         Long sword        |       |   205 |   362 |    44 |    37 |       ||   648
         Scimitar          |       |       |       |   681 |   460 |     1 ||  1142
         Dagger            |       |       |       |   128 |  1468 |       ||  1596
         Double sword      |       |       |       |       |       |   234 ||   234
  Throw: Dart              |       |       |     8 |    38 |     9 |     7 ||    62
         Boomerang         |       |       |       |       |    15 |       ||    15
 Invoke: Berserk           |       |       |     1 |    15 |    33 |     7 ||    56
         Trog's Hand       |       |       |       |       |     4 |       ||     4
         Brothers in Arms  |       |       |       |       |     1 |     2 ||     3
Ability: Hop               |       |       |       |     2 |     2 |     2 ||     6
  Evoke: Wand              |     4 |     4 |    12 |     4 |    18 |       ||    42
         Sack of spiders   |       |       |       |       |     1 |       ||     1
    Use: Scroll            |       |     4 |     4 |    10 |     7 |     4 ||    29
         Potion            |       |       |     2 |     1 |     3 |     3 ||     9
   Stab: Sleeping          |       |    13 |       |       |       |       ||    13
         Petrifying        |       |       |       |       |     2 |       ||     2
         Petrified         |       |       |       |       |     2 |       ||     2
 Armour: Leather armour    |     2 |    27 |       |       |       |       ||    29
         Ring mail         |       |   169 |       |       |       |       ||   169
         Chain mail        |       |    35 |   234 |       |  1090 |   161 ||  1520
         Plate armour      |       |       |   145 |   872 |   198 |       ||  1215
         Scale mail        |       |       |       |       |    30 |       ||    30
  Dodge: Dodged            |     2 |   177 |   122 |   196 |   782 |   104 ||  1383
  Block: Buckler           |       |       |    10 |    62 |   286 |    33 ||   391
         Kite shield       |       |       |       |   229 |   417 |    84 ||   730

Table legend: (Time is in decaauts)
 A = Elapsed time spent in this place.
 B = Non-inter-level travel time spent in this place.
 C = Inter-level travel time spent in this place.
 D = Time resting spent in this place.
 E = Time spent auto-exploring this place.
 F = Levels seen in this place.
 G = Mean time per level.
                   A        B        C        D        E       F      G
               +--------+--------+--------+--------+--------+-----+--------+
         Total |  36584 |  34696 |   1888 |  11315 |  15464 |  26 | 1407.1 |
       Dungeon |  21409 |  20059 |   1350 |   6286 |   9425 |  15 | 1427.3 |
          Lair |   9686 |   9284 |    402 |   2772 |   4307 |   5 | 1937.2 |
     Snake Pit |   1477 |   1450 |     27 |    551 |    531 |   3 |  492.3 |
  Orcish Mines |   2972 |   2865 |    107 |   1272 |   1028 |   2 | 1486.0 |
      Ice Cave |   1038 |   1038 |      0 |    432 |    171 |   1 | 1038.0 |
               +--------+--------+--------+--------+--------+-----+--------+

Top non-repeatable levels by time:
     D:9: 2568 daAuts
  Lair:2: 2489 daAuts
    D:11: 2313 daAuts
    D:14: 2261 daAuts
  Lair:1: 2131 daAuts
  Lair:3: 1889 daAuts
   Orc:2: 1887 daAuts
  Lair:5: 1668 daAuts
     D:5: 1630 daAuts
    D:12: 1536 daAuts
  Lair:4: 1507 daAuts
    D:15: 1488 daAuts
 Snake:1: 1378 daAuts
     D:6: 1178 daAuts
    D:10: 1169 daAuts
